 Dungeon Crawl Stone Soup version 0.23.2-1-ga50397a (webtiles) character file.

Game seed: 11335027785391012446

11097 Fang the Fighter (level 11, -3/109 HPs)
             Began as a Gargoyle Berserker on May 8, 2019.
             Was a High Priest of Trog.
             Slain by an orc warrior
             ... wielding a +0 mace
              (6 damage)
             ... on level 10 of the Dungeon.
             The game lasted 00:11:06 (9375 turns).

Fang the Fighter (Gargoyle Berserker)               Turns: 9375, Time: 00:11:07

Health: -3/109     AC: 21    Str: 29    XL:     11   Next: 72%
Magic:  11/11      EV: 14    Int:  8    God:    Trog [*****.]
Gold:   434        SH:  0    Dex:  9    Spells: 10/10 levels left

rFire    . . .     SeeInvis .   a - +3 war axe
rCold    . . .     Gourm    .   (no shield)
rNeg     + . .     Faith    .   l - quicksilver dragon scales
rPois    ∞         Spirit   .   (no helmet)
rElec    +         Reflect  .   (no cloak)
rCorr    .         Harm     .   (no gloves)
MR       ++...                  (no boots)
Stlth    ..........             (no amulet)
HPRegen  0.28/turn              h - ring of protection from magic
MPRegen  0.12/turn              (no ring)

@: berserking, very quick
A: negative energy resistance 1, electricity resistance, unbreathing,
petrification resistance, rot immunity, AC +8
a: Berserk, Trog's Hand, Brothers in Arms, Renounce Religion


You were on level 10 of the Dungeon.
You worshipped Trog.
Trog was extremely pleased with you.
You were very hungry.

You visited 2 branches of the dungeon, and saw 11 of its levels.

You collected 564 gold pieces.
You spent 130 gold pieces at shops.

Inventory:

Hand Weapons
 a - a +3 war axe (weapon)
Armour
 b - a +4 plate armour
 l - quicksilver dragon scales (worn)
Jewellery
 h - a ring of protection from magic (left hand)
Wands
 j - a wand of digging (6)
 m - a wand of flame (32)
 r - a wand of enslavement (10)
 t - a wand of random effects (16)
 u - a wand of acid (9)
Scrolls
 d - 8 scrolls of teleportation
 e - 9 scrolls of identify
 f - 3 scrolls of remove curse
 g - a scroll of magic mapping
 s - a scroll of fog
Potions
 i - 3 potions of heal wounds
 k - 3 potions of flight
 n - 4 potions of haste
 o - 3 potions of curing
 p - 2 potions of cancellation
 w - 4 potions of resistance
Comestibles
 c - 12 rations
 q - 16 chunks of flesh


   Skills:
 + Level 10.5 Fighting
 + Level 8.9 Axes
 + Level 10.3 Armour
 + Level 7.8 Dodging


You had 10 spell levels left.
You didn't know any spells.
Your spell library was empty.

Dungeon Overview and Level Annotations

Branches:
Dungeon (10/15)            Temple (1/1) D:7
   Lair: D:8-11         Orc: D:9-12

Altars:
Ashenzari
Cheibriados
Dithmenos
Elyvilon
Fedhas
Gozag
Hepliaklqana
Kikubaaqudgha
Makhleb
Nemelex Xobeh
Okawaru
Qazlal
Ru
Sif Muna
Trog
Uskayaw
Vehumet
Wu Jian
Xom
Yredelemnul
Zin
The Shining One

Shops:
D:7 =   D:10 !

Annotations:
D:10 2 runed translucent doors


Innate Abilities, Weirdness & Mutations

You are resistant to torment.
Your stone body is resilient. (AC +8)
You are immune to poison.
You resist negative energy. (rN+)
You are resistant to electric shocks. (rElec)
You can survive without breathing.
You are immune to petrification.
You are immune to rotting.


Message History

You slice the yak!!
The yak is severely wounded.
You closely miss the orc warrior. You hit the yak.
You hear two shouts!
The yak gores you!
* * * LOW HITPOINT WARNING * * *
The yak closely misses you.
The orc warrior hits you with a +0 mace!
* * * LOW HITPOINT WARNING * * *
You barely miss the yak.
The yak is severely wounded.
You closely miss the orc warrior. You slash the yak! You slice the yak!!
You kill the yak!
Trog accepts your kill.
You barely miss the orc warrior. You slice the yak!!
You kill the yak!
Trog accepts your kill.
The orc warrior hits you with a +0 mace.
You die...

###+###
...
#.....#
...
#+##.....#
...
.........#
..
.........#
.........#
#######..#
#..# #
#@.+ #
#†o# ##
#YY# #.
#Yo# ##.
oY.# #..
o.<# ##..
...# #'#'
..### #.##
##.##


You could see 4 yaks, an orc warrior and 3 orcs.

Vanquished Creatures
  Harold (D:8)
  The ghost of EthanBrown the Destroyer, a novice HuCj of Nemelex Xobeh (D:8)
  Pikel (D:8)
  The ghost of Kuzman the Slicer, a novice HaSk (D:5)
  A troll (D:10)
  Prince Ribbit (D:5)
  A hornet (D:7)
  Grinder (D:4)
  3 hippogriffs
  Sigmund (D:4)
  A wyvern (D:9)
  4 wraiths (D:8)
  9 yaks
  Grum (D:8)
  A steam dragon (D:6)
  4 orc warriors
  5 ice beasts
  A slave (D:8)
  A black bear (D:9)
  2 sky beasts
  3 ogres
  2 wolves (D:8)
  Blork the orc (D:4)
  A big kobold (D:10)
  A bullfrog (D:8)
  2 scorpions
  12 killer bees
  10 howler monkeys
  5 crimson imps
  A centaur zombie (D:7)
  2 bullfrog zombies (D:10)
  2 centaur skeletons (D:10)
  A hound (D:9)
  6 orc priests
  A bullfrog skeleton (D:5)
  2 iguanas
  A jelly (D:7)
  A gnoll shaman (D:6)
  Natasha (thrice) (D:4)
  7 orc wizards
  13 worker ants
  A worker ant zombie (D:10)
  8 gnolls
  13 adders
  4 shadow imps
  An ooze (D:3)
  An adder skeleton (D:7)
  3 worms
  4 dart slugs
  11 leopard geckos
  37 orcs
  2 ball pythons
  2 giant cockroaches
  5 goblins
  10 hobgoblins
  23 jackals
  4 quokkas
  8 bats
  13 frilled lizards
  A jackal zombie (D:6)
  11 kobolds
  A quokka skeleton (D:5)
  6 rats
287 creatures vanquished.

Vanquished Creatures (collateral kills)
  A hydra (D:10)
  A wraith (D:8)
2 creatures vanquished.

Vanquished Creatures (others)
  An ogre (D:8)
  3 jackals (D:8)
  A plant (D:5)
  A withered plant (D:5)
6 creatures vanquished.

Grand Total: 295 creatures vanquished

Notes
Turn   | Place    | Note
-------+----------+-------------------------------------------
     0 | D:1      | Fang the Gargoyle Berserker began the quest for the Orb.
     0 | D:1      | Reached XP level 1. HP: 14/14 MP: 1/1
   100 | D:1      | Reached XP level 2. HP: 12/19 MP: 2/2
   380 | D:1      | Reached XP level 3. HP: 6/23 MP: 3/3
   383 | D:1      | Reached ** piety under Trog
  1195 | D:2      | Reached XP level 4. HP: 25/29 MP: 4/4
  2306 | D:3      | Reached XP level 5. HP: 31/33 MP: 5/5
  2472 | D:3      | Found an ornate altar of the Wu Jian Council.
  2890 | D:3      | Reached *** piety under Trog
  2995 | D:4      | Reached XP level 6. HP: 35/39 MP: 6/6
  3019 | D:4      | Found a hazy altar of Hepliaklqana.
  3019 | D:4      | Noticed Natasha
  3028 | D:4      | Killed Natasha
  3305 | D:4      | Noticed Grinder
  3309 | D:4      | Paralysed by Grinder for 6 turns
  3340 | D:4      | Killed Grinder
  3340 | D:4      | Reached skill level 5 in Fighting
  3340 | D:4      | Reached XP level 7. HP: 41/44 MP: 7/7
  3365 | D:4      | Noticed Sigmund
  3378 | D:4      | Killed Sigmund
  3384 | D:4      | Reached skill level 5 in Armour
  3452 | D:4      | Noticed Natasha
  3458 | D:4      | Killed Natasha
  3462 | D:4      | Found a sacrificial altar of Ru.
  3674 | D:4      | Received a gift from Trog
  3674 | D:4      | Reached XP level 8. HP: 51/51 MP: 8/8
  3782 | D:4      | Noticed Blork the orc
  3789 | D:4      | Killed Blork the orc
  4490 | D:4      | Noticed Natasha
  4504 | D:4      | Killed Natasha
  4504 | D:4      | Reached skill level 5 in Axes
  4525 | D:5      | Entered Level 5 of the Dungeon
  4528 | D:5      | Noticed Prince Ribbit
  4897 | D:5      | Found a runed translucent door.
  4898 | D:5      | Noticed Kuzman's ghost (novice HaSk)
  5328 | D:5      | Reached **** piety under Trog
  5406 | D:5      | Killed Prince Ribbit
  5518 | D:5      | Found a white marble altar of Elyvilon.
  5519 | D:5      | Found a blossoming altar of Fedhas.
  5673 | D:5      | Killed Kuzman's ghost
  5673 | D:5      | Reached XP level 9. HP: 57/57 MP: 9/9
  5744 | D:6      | Reached skill level 5 in Dodging
  6088 | D:6      | Found a snail-covered altar of Cheibriados.
  6205 | D:6      | Found a deep blue altar of Sif Muna.
  6408 | D:7      | Reached XP level 10. HP: 60/64 MP: 10/10
  6666 | D:7      | Found a staircase to the Ecumenical Temple.
  6691 | Temple   | Entered the Ecumenical Temple
  6775 | D:7      | Found a shimmering altar of Xom.
  6952 | D:7      | Found Hineeg Fiod's Jewellery Shoppe.
  7118 | D:8      | Noticed Harold
  7136 | D:8      | Killed Harold
  7385 | D:8      | Reached ***** piety under Trog
  7429 | D:8      | Found a runed translucent gate.
  7429 | D:8      | Found a runed translucent gate.
  7429 | D:8      | Found a runed translucent gate.
  7430 | D:8      | Noticed EthanBrown's ghost (novice HuCj)
  7703 | D:8      | Noticed Grum
  7712 | D:8      | Noticed Pikel
  7722 | D:8      | Killed Pikel
  7730 | D:8      | Killed Grum
  8106 | D:8      | Reached XP level 11. HP: 71/71 MP: 11/11
  8118 | D:8      | Killed EthanBrown's ghost
  8281 | D:9      | Found an ancient bone altar of Kikubaaqudgha.
  8317 | D:9      | Reached skill level 10 in Fighting
  8965 | D:10     | Entered Level 10 of the Dungeon
  8965 | D:10     | Found Azizudih's Distillery.
  8973 | D:10     | Bought a potion of heal wounds for 65 gold pieces
  8973 | D:10     | Bought a potion of heal wounds for 65 gold pieces
  9257 | D:10     | Reached skill level 10 in Armour
  9317 | D:10     | Found a runed translucent door.
  9320 | D:10     | Found a runed translucent door.
  9320 | D:10     | Noticed an orc knight
  9347 | D:10     | Noticed a four-headed hydra
  9365 | D:10     | Killed a nine-headed hydra
  9373 | D:10     | HP: 3/109 [orc warrior/+0 mace (8)]
  9375 | D:10     | Slain by an orc warrior

Skill      XL: |  1  2  3  4  5  6  7  8  9 10 11 |
---------------+----------------------------------+-----
Axes           | 3 4 5 6 8 |  8.9
Dodging        | 2 3 4 5 7 |  7.8
Armour         | 3 4 5 6 7 9 10 | 10.3
Fighting       | 4 5 7 8 9 10 | 10.5

Action                   |  1- 3 |  4- 6 |  7- 9 | 10-12 || total
-------------------------+-------+-------+-------+-------++-------
Melee: Hand axe          |    88 |   263 |    57 |       ||   408
       War axe           |       |       |   298 |   369 ||   667
Invok: Berserk           |     1 |     3 |    10 |     8 ||    22
       Trog's Hand       |       |     1 |     1 |     1 ||     3
       Brothers in Arms  |       |       |       |     2 ||     2
  Use: Potion            |       |       |     1 |     4 ||     5
       Scroll            |       |       |    18 |     5 ||    23
 Stab: Paralysed         |       |       |     2 |       ||     2
       Invisible         |       |       |     1 |       ||     1
  Eat: Chunk             |     2 |     9 |    22 |    14 ||    47
       Ration            |       |       |       |     1 ||     1
Armor: Animal skin       |    58 |    16 |       |       ||    74
       Skin              |       |     5 |       |       ||     5
       Chain mail        |       |    93 |    40 |       ||   133
       Plate armour      |       |       |   273 |   196 ||   469
       Quicksilver drago |       |       |       |   137 ||   137
Dodge: Dodged            |    84 |   128 |   228 |   300 ||   740
